Cogmind - Beta 13 @@@ ROGUE MODE // 2024.04.03 @ 11:57:01 Player: SovietPaperclip Result: Destroyed by as-56507 with Assembled Heavy Rifle Performance ------------- Evolutions (0) 0 Regions Visited (2) 400 Robots Destroyed (16) 80 Value Destroyed (379) 379 Prototype IDs (0) 0 Alien Tech Used (0) 0 Bonus (0) 0 TOTAL SCORE: 859 Bonus ------- None Cogmind --------- Core Integrity 0/250 Matter 249/300 Energy 93/100 System Corruption 2% Temperature Cool (0) Movement Core (150) Ox2 Location -10/Mines Parts ------- > --- POWER (1) -------- (None) > --- PROPULSION (2) --- (None) > --- UTILITY (2) ------ Small Storage Unit > --- WEAPON (2) ------- Light Cannon > --- INVENTORY (8) ---- Light Ion Engine Aluminum Leg Large Storage Unit Terrain Scan Processor Light Armor Plating Hacking Suite Hacking Suite Peak State ------------ > --- POWER ------------ Ion Engine > --- PROPULSION ------- Aluminum Leg Aluminum Leg > --- UTILITY ---------- Small Storage Unit Light Armor Plating > --- WEAPON ----------- Assault Rifle Light Assault Rifle > --- INVENTORY -------- Light Ion Engine Aluminum Leg Aluminum Leg Aluminum Leg Medium Storage Unit Large Storage Unit High-capacity Battery Hacking Suite [Rating: 8] Favorites ----------- Power Ion Engine Engine Ion Engine Propulsion Aluminum Leg Leg Aluminum Leg Utility Small Storage Unit Storage Small Storage Unit Protection Light Armor Plating Weapon Assault Rifle Ballistic Gun Assault Rifle Ballistic Cannon Light Cannon Build | -11 -10 -10 ------- Run | Yrd Mat Min Slots Evolved . | . . . Power . | . . . Propulsion . | . . . Utility . | . . . Weapon . | . . . Parts Attached 13 | 6 6 1 Power 1 | 1 . . Engine 1 | 1 . . Core . | . . . Reactor . | . . . Propulsion 2 | 2 . . Treads . | . . . Leg 2 | 2 . . Wheel . | . . . Hover . | . . . Flight . | . . . Utility 6 | 1 5 . Device . | . . . Storage 4 | 1 3 . Processor . | . . . Hackware . | . . . Protection 2 | . 2 . Artifact . | . . . Weapon 4 | 2 1 1 Energy Gun . | . . . Energy Cannon . | . . . Ballistic Gun 2 | 2 . . Ballistic Cannon 2 | . 1 1 Launcher . | . . . Special Weapon . | . . . Impact Weapon . | . . . Slashing Weapon . | . . . Piercing Weapon . | . . . Special Melee Weapon . | . . . Unidentified Prototypes . | . . . Parts Lost 7 | . 1 6 Power 1 | . . 1 Propulsion 2 | . . 2 Utility 2 | . 1 1 Weapon 2 | . . 2 Highest Loss Streak 6 | . 1 6 To Critical Strikes . | . . . Average Slot Usage (%) 94 | . 95 85 Engine 13 | . 14 10 Leg 27 | . 28 24 Storage 12 | . 12 14 Protection 10 | . 10 10 Ballistic Gun 23 | . 24 12 Ballistic Cannon 4 | . 3 14 Naked Turns . | . . . Heaviest Build 21 | 13 21 18 Greatest Support 20 | 20 20 20 Greatest Overweight (x) 1 | . 1 . Average Overweight (x) . | . . . Largest Inventory Capacity 10 | 8 10 8 Average Capacity 7 | 6 7 8 Most Carried 8 | 5 8 8 Average Carried 6 | 1 6 7 Final Capacity 8 | 8 8 8 Final Carried 8 | 1 8 7 Class Distribution -------------------- 100% | Mutant Dominant Class ---------------- Mutant | -10/Materials Mutant | -10/Mines Resources | -11 -10 -10 ----------- Run | Yrd Mat Min Matter Collected 543 | 215 328 . Remotely . | . . . Salvage Created 579 | . 524 55 Parts 53 | . 53 . Haulers Intercepted 2 | . 2 . Recyclers Shooed 1 | . 1 . Parts Field Recycled . | . . . Retrieved Matter . | . . . Parts Self-Destructed . | . . . Prevented . | . . . Kills | -11 -10 -10 ------- Run | Yrd Mat Min Combat Hostiles Destroyed 16 | . 11 5 Guns 14 | . 11 3 Cannons 2 | . . 2 Classes Destroyed 6 | . 5 1 Builder 1 | . 1 . Hauler 2 | . 2 . Operator 2 | . 2 . Swarmer 3 | . 3 . Grunt 8 | . 8 . Assembled 5 | . . 5 Best Kill Streak 5 | . 3 5 Combat Bots Only 5 | . 3 5 Max Kills in Single Turn 1 | . 1 1 Gunslinging . | . . . Exploded . | . . . Melee . | . . . Uniques/NPCs Destroyed . | . . . Combat | -11 -10 -10 -------- Run | Yrd Mat Min Hostile Shots Fired 97 | . 43 54 Missed 24 | . 13 11 Damage Taken 1046 | . 363 683 Core 262 | . 55 207 Absorbed by Shields . | . . . Core Remaining (%) 100 | 100 . . Volleys Fired 60 | . 49 11 Largest 2 | . 2 2 Hottest 55 | . 40 55 Shots Fired 119 | . 99 20 Gun 108 | . 99 9 Cannon 11 | . . 11 Launcher . | . . . Special . | . . . Kinetic 119 | . 99 20 Thermal . | . . . Explosive . | . . . Electromagnetic . | . . . Robot Hit Streak 13 | . 13 4 Robot Miss Streak 3 | . 3 3 Penetration Max . | . . . Secondary Targets . | . . . Shots Hit Robots 71 | . 61 10 Core Hits 38 | . 29 9 Critical Kills . | . . . Critical Parts Destroyed . | . . . Critical Strikes . | . . . Melee Attacks . | . . . Impact . | . . . Slashing . | . . . Piercing . | . . . Sneak Attacks . | . . . Combat Hostiles . | . . . Follow-up Attacks . | . . . Damage Inflicted 818 | . 620 198 Guns 693 | . 619 74 Cannons 124 | . . 124 Explosions . | . . . Melee . | . . . Ramming 1 | . 1 . Kinetic 817 | . 619 198 Thermal . | . . . Explosive . | . . . Electromagnetic . | . . . Impact . | . . . Slashing . | . . . Piercing . | . . . Highest Corruption 2 | . 2 2 Average Corruption 2 | . 2 2 Corruption Purged . | . . . Corruption Blocked . | . . . Effects 13 | . 13 . Message Errors 1 | . 1 . Matter Fused 4 | . 4 . Heat Flow Errors 2 | . 2 . Energy Discharges 2 | . 2 . Data Loss (minor) 3 | . 3 . Misfires 1 | . 1 . Overload Shots . | . . . Overflow Damage . | . . . Projectiles . | . . . Explosions . | . . . Melee . | . . . Knockbacks 2 | . . 2 Impact . | . . . Kinetic 1 | . . 1 Secondary 1 | . . 1 Self-Inflicted Damage . | . . . Shots . | . . . Rammed . | . . . Targets Rammed 1 | . 1 . Kicked 1 | . 1 . Crushed . | . . . Highest Temperature 225 | . 225 48 Average Temperature 32 | . 36 16 Received Heat Transfer 277 | . 177 100 Effects 1 | . 1 . Energy Bleed 1 | . 1 . Siege Activations . | . . . Robots Corrupted . | . . . Combat Hostiles . | . . . Parts Fried . | . . . Impact Corruptions . | . . . Robots Melted . | . . . Combat Hostiles . | . . . Parts Melted . | . . . Heat Transferred . | . . . Parts Sabotaged . | . . . Parts Stolen . | . . . Parts Stripped . | . . . Power Chain Reactions . | . . . Alert | -11 -10 -10 ------- Run | Yrd Mat Min Peak Influence 234 | . 234 53 Initial 38 | . . 38 Average 99 | . 111 35 Maximum Alert Level 1 | . 1 . Low Security (%) 84 | 100 81 100 Level 1 15 | . 18 . Level 2 . | . . . Level 3 . | . . . Level 4 . | . . . Level 5 . | . . . High Security . | . . . Max Security . | . . . Squads Dispatched 1 | . 1 . Investigation . | . . . Extermination . | . . . Reinforcement 1 | . 1 . Assault . | . . . Garrison . | . . . Intercept . | . . . Searches Triggered . | . . . Construction Impeded . | . . . Haulers Reinforced . | . . . Active Scanning Responses . | . . . Cargo Convoy Interrupts . | . . . Stealth | -11 -10 -10 --------- Run | Yrd Mat Min Distress Signals 1 | . 1 . Communications Jammed . | . . . Distress Signals . | . . . Times Spotted 32 | . 20 12 Peak Tracking Total 9 | . 4 9 Tactical Retreats 1 | . 1 . Traps | -11 -10 -10 ------- Run | Yrd Mat Min Traps Triggered 1 | . 1 . Indirectly . | . . . Trap Hack Attempts . | . . . Triggered . | . . . Disarmed . | . . . Reprogrammed . | . . . Reused . | . . . Traps Extracted . | . . . Installed . | . . . Triggered . | . . . Machines | -11 -10 -10 ---------- Run | Yrd Mat Min Machines Disabled 1 | . 1 . Max in Single Turn 1 | . 1 . Machines Repaired . | . . . Machines Dismantled . | . . . Machines Sabotaged . | . . . Overloaded Fab Kills . | . . . Hacking | -11 -10 -10 --------- Run | Yrd Mat Min Machines Accessed 4 | . 4 . Terminals 3 | . 3 . Fabricators . | . . . Repair Stations . | . . . Recycling Units 1 | . 1 . Scanalyzers . | . . . Garrison Access . | . . . Total Hacks 7 | . 7 . Successful 5 | . 5 . Failed 2 | . 2 . Catastrophic 1 | . 1 . Database Lockouts . | . . . Manual . | . . . Terminals 5 | . 5 . Fabricators . | . . . Repair Stations . | . . . Recycling Units 2 | . 2 . Scanalyzers . | . . . Garrison Access . | . . . Terminal Hacks 3 | . 3 . Branch Access Points 1 | . 1 . Locate Traps 1 | . 1 . Hauler Manifests 1 | . 1 . Fabricator Hacks . | . . . Repair Station Hacks . | . . . Recycling Unit Hacks 2 | . 2 . Report Inventory 1 | . 1 . Retrieve Components 1 | . 1 . Scanalyzer . | . . . Garrison Access Hacks . | . . . Unauthorized Hacks . | . . . Terminals . | . . . Fabricators . | . . . Repair Stations . | . . . Recycling Units . | . . . Scanalyzers . | . . . Garrison Access . | . . . Data Cores Recovered 1 | . 1 . Used . | . . . Hacking Detections 4 | . 4 . Full Trace Events . | . . . Feedback Events . | . . . Feedback Blocked . | . . . Robot Schematics Acquired . | . . . Robots Built . | . . . Authchips . | . . . Time . | . . . Total Robot Build Rating . | . . . Part Schematics Acquired . | . . . Parts Built . | . . . Authchips . | . . . Time . | . . . Total Part Build Rating . | . . . Parts Repaired . | . . . Time . | . . . Parts Recycled . | . . . Recycled Matter . | . . . Retrieved Matter . | . . . Retrieved Components 1 | . 1 . Parts Scanalyzed . | . . . Part Schematics Acquired . | . . . Parts Damaged . | . . . Bothacking | -11 -10 -10 ------------ Run | Yrd Mat Min Used RIF Installer . | . . . Robots Hacked . | . . . Non-combat . | . . . Combat . | . . . Robot Hacks Applied . | . . . Relay Couplers Released . | . . . Fabnet Peak Effective % . | . . . Robots Rewired . | . . . Allies Hacked . | . . . Hacks Repelled . | . . . Allies | -11 -10 -10 -------- Run | Yrd Mat Min Total Allies . | . . . Largest Group . | . . . Highest-Rated Group . | . . . Highest-Rated Ally . | . . . Total Orders . | . . . Ally Attacks . | . . . Total Damage . | . . . Kills . | . . . Allies Corrupted . | . . . Allies Melted . | . . . Intel | -11 -10 -10 ------- Run | Yrd Mat Min Robot Analysis Total . | . . . Derelict Logs Recovered . | . . . Drone Launches . | . . . Drone Recoveries . | . . . Exploration | -11 -10 -10 ------------- Run | Yrd Mat Min Turns Passed 982 | 56 860 66 Spaces Moved 576 | 42 506 28 Core 10 | 10 . . Treads . | . . . Legs 566 | 32 506 28 Wheels . | . . . Hover . | . . . Flight . | . . . Fastest Speed 50 | 50 120 120 Average Speed 120 | 103 121 120 Slowest Speed 190 | 120 190 120 Overloaded Moves . | . . . Propulsion Burnouts . | . . . Robots Hopped . | . . . Cave-ins Triggered . | . . . Exploration Rate (%) 35 | 4 92 11 Regions Visited 2 Branch Regions 1 Pre-discovered Areas 1 | . . 1 Known Exits Taken 1 | . 1 . Unknown Exits Taken 1 | 1 . . Scrap Searched . | . . . Spaces Dug . | . . . Terrain Destroyed . | . . . Melee . | . . . Projectile . | . . . AOE . | . . . Terrain Rammed . | . . . Walls Destroyed . | . . . Machines Disabled . | . . . Actions | -11 -10 -10 --------- Run | Yrd Mat Min Total 761 | 54 667 40 Wait 75 | . 75 . Move 574 | 41 505 28 Hop . | . . . Pick Up 27 | 7 20 . Fast Attach . | . . . Attach 12 | 6 5 1 Detach . | . . . Swap 1 | . 1 . Drop 11 | . 11 . Fire 60 | . 49 11 Melee . | . . . Ram . | . . . Kick 1 | . 1 . Crush . | . . . Escape Stasis . | . . . Rewire . | . . . Trap . | . . . Miscellaneous . | . . . Route ------- -11/Scrapyard -10/Materials (discovered 5 exits: [*Mat x3] / *Min x2) -10/Mines History --------- Turn | Location | Event 3 | -11/Scrapyard | Discovered new exit (range 15) 57 | -11/Scrapyard | Entered Materials 89 | -10/Materials | Discovered new exit (range 15) 183 | -10/Materials | Discovered new exit (range 4) 312 | -10/Materials | Identified exit to Mines 314 | -10/Materials | Build established: Mutant 362 | -10/Materials | Discovered new exit (range 8) 779 | -10/Materials | Discovered new exit (range 16) 917 | -10/Materials | Entered Mines 918 | -10/Mines | Learned location of Storage (-7) 918 | -10/Mines | Assembled infested the area 970 | -10/Mines | Core integrity fell below 50% 980 | -10/Mines | Core integrity fell below 20% 983 | -10/Mines | Destroyed by as-56507 with Assembled Heavy Rifle Last Messages --------------- following our previous successful raids." World map updated: -7/Storage. 00918_ ALERT: Infestation in the mines, dispatching Demolisher response squad. 00920_ UW-S6E(g): "We scattered so the Unaware couldn't effectively use their advantage in numbers, and I suggest you do the same." 00920_ UW-S6E(g) slips back into the shadows. 00957_ as-97703 destroyed. 00963_ as-45447 destroyed. 00966_ Ion Engine destroyed. 00966_ as-93903 destroyed. 00966_ Lgt. Armor Plating destroyed. 00970_ Aluminum Leg destroyed. 00972_ as-52569 destroyed. 00972_ as-93767 knocked back. 00974_ Knocked back. 00975_ as-77318 destroyed. 00977_ Assault Rifle destroyed. 00980_ Lgt. Cannon destroyed. Map ----- +----------------------------------------------------+ | ?????????????????????????????????????????????????? | | ?????????????????????????????????????????????????? | | ?????????????######??????????????????????????????? | | ????##??????## ##?????????????????????????????? | | ????# ##### #?????????????????????????????? | | ?????# #?????????????????????????????? | | ??????# #??????????????????????????????? | | ??????###### ###??????????????????????????????? | | ???????????## ##????????????????????????????????? | | ???????????## ##????????????????????????????????? | | ??????????## ##???????????????????????????????? | | ??????????# ######??????????????????????????? | | ??????????# #??????????????????????????? | | ??????????# # #??????????????????????????? | | ??????????## ###### ######?????????????????????? | | ???????????# #????# #?????????????????????? | | ???????????## #????# #?????????????????????? | | ????????????####????##### #?????????????????????? | | ????????????????????????# #?????????????????????? | | ????????????????????????# #?????????????????????? | | ????????????????????????# #?????????????????????? | | ????????????????????????# #?????????????????????? | | ????????????????????????# #?????????????????????? | | ????????????????????????# #???????? #?????????? | | ????????????????????????# a### #??????????? | | ????????????????????????#@a%%% #??????????? | | ????????????????????????# aaaa ### #???????????? | | ????????????????????????####a###?????????????????? | | ???????????????????????????? #???????????????????? | | ???????????????????????????? #???????????????????? | | ????????????????????????????? ???????????????????? | | ?????????????????????????????#???????????????????? | | ?????????????????????????????????????????????????? | | ?????????????????????????????????????????????????? | | ?????????????????????????????????????????????????? | | ?????????????????????????????????????????????????? | | ?????????????????????????????????????????????????? | | ?????????????????????????????????????????????????? | | ?????????????????????????????????????????????????? | | ?????????????????????????????????????????????????? | | ?????????????????????????????????????????????????? | | ?????????????????????????????????????????????????? | | ?????????????????????????????????????????????????? | | ?????????????????????????????????????????????????? | | ?????????????????????????????????????????????????? | | ?????????????????????????????????????????????????? | | ?????????????????????????????????????????????????? | | ?????????????????????????????????????????????????? | | ?????????????????????????????????????????????????? | | | +----------------------------------------------------+ Best States ------------- Heat Dissipation 25 Energy Generation 10 Energy Capacity 250 Matter Stores 300 Matter Capacity 300 Sight Range 16 Terrain Scan Density 10 Armor Coverage 150 Evasion (%) 55 Item Schematics ----------------- None Robot Schematics ------------------ None Fabricated ------------ Nothing Alien Tech Used ----------------- None Achievements -------------- None Challenges ------------ None Game ------ Seed ComponentArmoredRedirector Manual? 0 Play Time 00:11:29 Cumulative 26.8 hours Start 2024.04.03 @ 11:46:36 End 2024.04.03 @ 11:57:01 Sessions 1 Manual Loads 0 Difficulty Rogue Special Mode None Game No. 38 Rogue 38 Adventurer 0 Explorer 0 Win Type - Total 1 Types 1/0/0/0/0/0/0/0/0 Lore% 18 Gallery% 21 Achievement% 23 Wizard Run 0 Options --------- Layout 1 ASCII 0 Keyboard 0 Movement Mouse Keybinds 0 Fullscreen 2 Font 32/Smallcaps Map View 50x40 Zoom Use 0% Tactical HUD 1 Map Filters NONE Filters NONE Steam 1 RUN: 3566cec2-14ca-4aa5-b30e-d2717a50c88e